 Dungeon Crawl Stone Soup version 0.30-a0-989-g0d87f670db (webtiles) character file.

Game seed: 13934646950497892538

39 BlueFish the Insei (level 3, -5/23 HPs)
             Began as an Octopode Transmuter on Apr 3, 2023.
             Slain by Sigmund
             ... wielding a +0 scythe
              (9 damage)
             ... on level 2 of the Dungeon.
             The game lasted 00:02:09 (1118 turns).

BlueFish the Insei (Octopode Transmuter)            Turns: 1118, Time: 00:02:10

Health: -5/23      AC:  1    Str: 11    XL:     3   Next: 45%
Magic:  6/6        EV: 10    Int: 15    God:
Gold:   76         SH:  0    Dex: 12    Spells: 0/6 levels left

rFire   . . .      SeeInvis .      - Unarmed
rCold   . . .      Faith    .    (no shield)
rNeg    . . .      Spirit   .    (helmet restricted)
rPois   .          Reflect  .    (no amulet)
rElec   .          Rampage  .    (no ring)
rCorr   .                        (no ring)
Will    .....                    (no ring)
Stlth   ++                       (no ring)
HPRegen 0.23/turn                (no ring)
MPRegen 0.10/turn                (no ring)
                                 (no ring)
                                 (no ring)

@: confused, grasped by roots, constricted
A: almost no armour, amphibious, 8 rings, camouflage 1, gelatinous body 1,
(nimble swimmer 1), tentacles
a: no special abilities


You were on level 2 of the Dungeon.
You visited 1 branch of the dungeon, and saw 2 of its levels.

You collected 76 gold pieces.

Inventory:

Missiles
 c - 4 javelins
 d - 2 boomerangs
 e - 17 stones
 i - 4 poisoned darts
Wands
 n - a wand of paralysis (8)
Scrolls
 b - a scroll of teleportation {unknown}
 f - a scroll of amnesia
 g - a scroll of identify {unknown}
 k - a scroll of fear {unknown}
 m - a scroll of blinking {unknown}
Potions
 a - a potion of lignification
 j - a potion of ambrosia {unknown}
 l - a potion of curing {unknown}


   Skills:
 + Level 1.3 Fighting
 + Level 0.7 Throwing
 + Level 2.2 Dodging
 * Level 2.0 Stealth
 + Level 3.1 Unarmed Combat
 + Level 2.1 Spellcasting
 + Level 2.2 Transmutations
 * Level 0.8 Poison Magic


You couldn't memorise any spells.
You knew the following spells:

 Your Spells              Type           Power      Damage    Failure   Level
a - Beastly Appendage     Tmut           16%        N/A       9%          1
b - Wereblood             Tmut           8%         N/A       13%         2
c - Spider Form           Tmut/Pois      6%         N/A       34%         3

Your spell library contained the following spells:

 Spells                   Type           Power      Damage    Failure   Level
 Sandblast                Erth           2%         2d4       22%         1
 Passwall                 Tmut/Erth      3%         N/A       22%         2
 Blink                    Tloc           2%         N/A       32%         2
 Lesser Beckoning         Tloc           2%         N/A       32%         2
 Momentum Strike          Conj/Tloc      2%         3d8       32%         2
 Stone Arrow              Conj/Erth      2%         3d7       54%         3
 Ice Form                 Ice/Tmut       4%         N/A       80%         4


Dungeon Overview and Level Annotations

Branches:
Dungeon (2/15)

Altars:

Annotations:
D:2 Sigmund


Innate Abilities, Weirdness & Mutations

You cannot wear most types of armour.
You are amphibious.
You can wear up to eight rings at the same time.
Your skin changes colour to match your surroundings (Stealth+).
Your rubbery body absorbs attacks. (AC +1, EV +1)
((You are camouflaged when in or above water. (Stealth+)))
You have tentacles for arms and can constrict up to eight enemies at once.


Message History

The worm is heavily wounded.
You constrict the worm. You tentacle-slap the worm.
You pierce the worm.
The worm is almost dead.
You constrict the worm.
You kill the worm!
Sigmund the Dreaded comes into view.
He is wielding a +0 scythe and carrying a wand of roots (8).
Your transformation is almost over.
Sigmund zaps a wand.
The roots erupt in riotous growth!
The grasping roots grab you! The grasping roots constrict you.
You hear a bark!
You hear a shout!
You escape the roots grasp.
Sigmund casts a spell at you.
You are confused.
Sigmund casts a spell at you.
You are more confused.
Sigmund misses you.
Your tentacle spike disappears.
Sigmund casts a spell at you.
You are more confused.
Sigmund gestures at you while chanting.
You are more confused.
Sigmund points at you and mumbles some strange words.
You are more confused.
Sigmund hits you with a +0 scythe!
Sigmund says, "Look into my eyes."
Sigmund barely misses you.
Sigmund zaps a wand.
The roots erupt in riotous growth!
The grasping roots grab you! The grasping roots constrict you.
You hear a bark! x3
The roots grasp on you weakens, but your attempt to escape fails.
The grasping roots constrict you.
* * * LOW HITPOINT WARNING * * *
Really quaff the potion of lignification?
Okay, then.
It was a potion of magic.
Magic courses through your body.
Sigmund hits you from afar with a +0 scythe!
You die...

#.# ## #.#
##.#########
#.........†#
#..........#
#..........#
#..........#
#..........#
#...@.@....#
#..........#
#..........#
#..........#
#..........#
#..........#
##.......###
.........#
.##.......#


You could see Sigmund.

Vanquished Creatures
  2 worms (D:2)
  4 ball pythons
  3 endoplasms
  6 goblins (D:1)
  3 hobgoblins (D:1)
  A quokka (D:2)
  5 frilled lizards
  3 kobolds (D:1)
  6 rats
33 creatures vanquished.

Notes
Turn   | Place    | Note
-------+----------+-------------------------------------------
     0 | D:1      | BlueFish the Octopode Transmuter began the quest for the
                  | Orb.
     0 | D:1      | Reached XP level 1. HP: 13/13 MP: 3/3
     5 | D:1      | Noticed a black mamba
    83 | D:1      | Reached skill level 1 in Stealth
   197 | D:1      | Reached XP level 2. HP: 18/18 MP: 5/5
   200 | D:1      | Learned a level 2 spell: Wereblood
   711 | D:1      | Noticed an elephant
   890 | D:2      | Reached XP level 3. HP: 23/23 MP: 6/6
   896 | D:2      | Learned a level 3 spell: Spider Form
  1094 | D:2      | Noticed Sigmund
  1118 | D:2      | Slain by Sigmund

Illustrated notes

Levels and vault maps discovered:
D:1:      sevenhm_arrival_forest_fort_small_2, layout_loops_ring
D:2:      layout_basic, uniq_sigmund

Skill      XL: |  1  2  3 |
---------------+----------+-----
Stealth        | 1 2 |  2.0
Fighting       | |  1.3
Throwing       | |  0.7
Dodging        | |  2.2
Unarmed Combat | |  3.1
Spellcasting   | |  2.1
Transmutations | |  2.2
Poison Magic   | |  0.8

Action                     || total
---------------------------++-------
  Melee: Unarmed           ||    63
         Constrict         ||    16
         Kick              ||     9
         Tentacles         ||     9
         Punch             ||     2
   Cast: Beastly Appendage ||     6
    Use: Scroll            ||     1
         Potion            ||     1
   Stab: Sleeping          ||    14
 Armour: Skin              ||     1
  Dodge: Dodged            ||    35

Table legend: (Time is in decaauts)
 A = Elapsed time spent in this place.
 B = Non-inter-level travel time spent in this place.
 C = Inter-level travel time spent in this place.
 D = Time resting spent in this place.
 E = Time spent auto-exploring this place.
 F = Levels seen in this place.
 G = Mean time per level.
                   A        B        C        D        E       F      G
               +--------+--------+--------+--------+--------+-----+--------+
         Total |   1114 |   1054 |     60 |      0 |    744 |   2 |  557.0 |
       Dungeon |   1114 |   1054 |     60 |      0 |    744 |   2 |  557.0 |
               +--------+--------+--------+--------+--------+-----+--------+

Top non-repeatable levels by time:
     D:1: 882 daAuts
     D:2: 231 daAuts
